 Dungeon Crawl Stone Soup version 0.29.1-12-g30fa7ad0bf (webtiles) character file.

Game seed: 14333505632232035000

72 Alitron123 the Slasher (level 4, -2/60 HPs)
             Began as a Minotaur Berserker on Jan 13, 2023.
             Was an Initiate of Ashenzari.
             Slain by a gnoll
             ... wielding a +0 spear
              (5 damage)
             ... on level 3 of the Dungeon.
             The game lasted 00:14:34 (1756 turns).

Alitron123 the Slasher (Minotaur Berserker)         Turns: 1756, Time: 00:14:35

Health: -2/60      AC: 22    Str: 19 (23) XL:     4   Next: 7%
Magic:  3/3        EV:  2    Int:  4      God:    Ashenzari [......]
Gold:   62         SH:  0    Dex: 10      Spells: 3/3 levels left

rFire   . . .      SeeInvis .   a - +1 falchion
rCold   . . .      Faith    .   (no shield)
rNeg    . . .      Spirit   .   (body armour currently unavailable)
rPois   +          Reflect  .   (helmet currently unavailable)
rElec   .          Harm     .   (cloak currently unavailable)
rCorr   .          Rampage  .   (gloves currently unavailable)
Will    .....      NoTele   +   (boots currently unavailable)
Stlth   +.........              (no amulet)
HPRegen 0.20/turn               (no ring)
MPRegen 0.08/turn               (no ring)

@: brilliant, tree-form, on berserk cooldown, hasted and slowed
A: stationary, stasis, torment immunity, boosted hp, (horns 2), (retaliatory
headbutt)
a: Renounce Religion, Curse Item


You were on level 3 of the Dungeon.
You worshipped Ashenzari.
Ashenzari was noncommittal.
You were a tree.
You visited 1 branch of the dungeon, and saw 3 of its levels.

You collected 62 gold pieces.

Inventory:

Hand Weapons
 a - a +1 falchion (weapon)
 h - a +0 flail
 p - a +0 falchion
Armour
 b - a +0 animal skin
 e - a scarf of shadows (melded)
 f - a +0 pair of gloves (melded)
 i - a +0 ring mail
 j - a +0 robe
 n - a +0 chain mail (melded)
Scrolls
 q - a scroll of identify
 r - a scroll of amnesia
Potions
 g - a potion of berserk rage


   Skills:
 + Level 4.2 Fighting
 + Level 4.8 Long Blades
 + Level 3.0 Armour
 + Level 2.7 Dodging
 + Level 0.3 Stealth


You had 3 spell levels left.
You didn't know any spells.
Your spell library was empty.

Dungeon Overview and Level Annotations

Branches:
Dungeon (2/15)

Altars:
Ashenzari


Innate Abilities, Weirdness & Mutations

You are a tree.
Your roots penetrate the ground, keeping you stationary.
You cannot be teleported.
You are immune to unholy pain and torment.
Your maximum health is greatly increased.
Your equipment is partially melded.
((You have a pair of horns on your head.))
((You reflexively headbutt those who attack you in melee.))


Message History

The gnoll dies!
Your orc is engulfed in poison gas.
Your orc looks even sicker.
You kill your orc!
Your orc's corpse dissolves into shadows!
The gnoll hits you but does no damage.
You feel your strength returning.
You have reached level 4!
You feel agile.
You are too berserk!
Unknown command.
You feel a strong urge to attack something.
Your orc priest is engulfed in poison gas.
Your orc priest looks as sick as possible!
The gnoll hits you from afar with a +0 spear.
* * * LOW HITPOINT WARNING * * *
You feel your anger nearly subside.
Your orc priest is engulfed in poison gas.
Your orc priest looks as sick as possible!
The gnoll hits you but does no damage.
You are no longer berserk.
You are exhausted.
You feel yourself slow down.
Your orc priest is engulfed in poison gas.
Your orc priest looks as sick as possible!
You kill your orc priest!
Your orc priest's corpse dissolves into shadows!
The gnoll barely misses you. The gnoll hits you but does no damage.
There are monsters nearby!
You cannot move.
It was a potion of brilliance.
You feel clever all of a sudden. The gnoll hits you but does no damage.
You cannot move.
You cannot move.
Okay, then.
The gnoll hits you from afar with a +0 spear.
You die...

# #.###########
#.○°o....☼..#
####°##.###○#
#)♣☼☼°○°☼..
..b☼.)☼######°#.
.°☼☼○g.#
.☼☼.☼☼☼#
..°.°°°# ....°.☼
.○.☼☼.° .######


You could see a gnoll (ally target), a bat and a friendly orc (summoned).

Vanquished Creatures
  A gnoll (D:3)
  2 worms (D:2)
  2 dart slugs (D:2)
  5 endoplasms
  2 giant cockroaches (D:1)
  4 goblins
  5 hobgoblins
  A kobold (D:1)
  8 ball pythons
  4 bats
  A frilled lizard (D:2)
  4 rats
39 creatures vanquished.

Vanquished Creatures (collateral kills)
  A gnoll (D:3)
1 creature vanquished.

Vanquished Creatures (others)
  15 plants (D:2)
15 creatures vanquished.

Grand Total: 55 creatures vanquished

Notes
Turn   | Place    | Note
-------+----------+-------------------------------------------
     0 | D:1      | Alitron123 the Minotaur Berserker began the quest for the
                  | Orb.
     0 | D:1      | Reached XP level 1. HP: 19/19 MP: 0/0
   278 | D:1      | Reached XP level 2. HP: 27/27 MP: 1/1
   957 | D:2      | Found a faded altar of an unknown god.
   967 | D:2      | Prayed at the altar of an unknown god.
   967 | D:2      | Fell from the grace of Trog
   967 | D:2      | Became a worshipper of Ashenzari the Shackled
  1073 | D:2      | Reached XP level 3. HP: 30/33 MP: 2/2
  1726 | D:2      | You fall into a shaft and drop 1 floor!
  1745 | D:3      | HP: 2/49 [gnoll/+0 spear (6)]
  1749 | D:3      | Reached XP level 4. HP: 4/40 MP: 3/3
  1750 | D:3      | HP: 3/90 [gnoll/+0 spear (2)]
  1756 | D:3      | Slain by a gnoll

Illustrated notes

Levels and vault maps discovered:
D:1:      dpeg_arrival_yet_another_circle, layout_basic, nicolae_hexahallways
D:2:      layout_basic, shapermc_ecumenical_altar_totnotflames,
          serial_bayou_lagoon_a
D:3:      layout_basic, portal_sewer_entry_a, minmay_misc_feat_pillars,
          grunt_decor_fettered, uniq_robin

Skill      XL: |  1  2  3 |
---------------+----------+-----
Fighting       | 4 |  4.2
Long Blades    | 4 |  4.8
Armour         | 3 |  3.0
Dodging        | |  2.7
Stealth        | |  0.3

Action                   |  1- 3 |  4- 6 || total
-------------------------+-------+-------++-------
Melee: Falchion          |    72 |       ||    72
       Headbutt          |    12 |       ||    12
  Use: Scroll            |     7 |       ||     7
       Potion            |     4 |     1 ||     5
 Stab: Sleeping          |     1 |       ||     1
Armor: Animal skin       |     6 |       ||     6
       Chain mail        |    27 |       ||    27
       Ring mail         |     2 |       ||     2
       Skin              |    13 |     3 ||    16
Dodge: Dodged            |    40 |     1 ||    41
